%YAML 1.1
%TAG !u! tag:unity3d.com,2011:
--- !u!1 &4009421208185404128
GameObject:
  m_ObjectHideFlags: 0
  m_CorrespondingSourceObject: {fileID: 0}
  m_PrefabInstance: {fileID: 0}
  m_PrefabAsset: {fileID: 0}
  serializedVersion: 6
  m_Component:
  - component: {fileID: 4009421208185404131}
  - component: {fileID: 4009421208185404141}
  m_Layer: 0
  m_Name: CameraMiniMap
  m_TagString: Untagged
  m_Icon: {fileID: 0}
  m_NavMeshLayer: 0
  m_StaticEditorFlags: 0
  m_IsActive: 1
--- !u!4 &4009421208185404131
Transform:
  m_ObjectHideFlags: 0
  m_CorrespondingSourceObject: {fileID: 0}
  m_PrefabInstance: {fileID: 0}
  m_PrefabAsset: {fileID: 0}
  m_GameObject: {fileID: 4009421208185404128}
  m_LocalRotation: {x: 0.7071068, y: -0, z: -0, w: 0.7071068}
  m_LocalPosition: {x: -1.0917357, y: 2.9727988, z: -2.5071747}
  m_LocalScale: {x: 14.285713, y: 14.285713, z: 14.285713}
  m_Children: []
  m_Father: {fileID: 4009421209535827936}
  m_RootOrder: 0
  m_LocalEulerAnglesHint: {x: 90, y: 0, z: 0}
--- !u!20 &4009421208185404141
Camera:
  m_ObjectHideFlags: 0
  m_CorrespondingSourceObject: {fileID: 0}
  m_PrefabInstance: {fileID: 0}
  m_PrefabAsset: {fileID: 0}
  m_GameObject: {fileID: 4009421208185404128}
  m_Enabled: 1
  serializedVersion: 2
  m_ClearFlags: 2
  m_BackGroundColor: {r: 0, g: 0, b: 0, a: 0}
  m_projectionMatrixMode: 1
  m_GateFitMode: 2
  m_FOVAxisMode: 0
  m_SensorSize: {x: 36, y: 24}
  m_LensShift: {x: 0, y: 0}
  m_FocalLength: 50
  m_NormalizedViewPortRect:
    serializedVersion: 2
    x: 0
    y: 0
    width: 1
    height: 1
  near clip plane: 0.3
  far clip plane: 1000
  field of view: 60
  orthographic: 1
  orthographic size: 30
  m_Depth: 0
  m_CullingMask:
    serializedVersion: 2
    m_Bits: 3072
  m_RenderingPath: -1
  m_TargetTexture: {fileID: 8400000, guid: a23889f8d2e0ef2468781912f3458e5b, type: 2}
  m_TargetDisplay: 0
  m_TargetEye: 3
  m_HDR: 1
  m_AllowMSAA: 1
  m_AllowDynamicResolution: 0
  m_ForceIntoRT: 0
  m_OcclusionCulling: 1
  m_StereoConvergence: 10
  m_StereoSeparation: 0.022
--- !u!1 &4009421208521590902
GameObject:
  m_ObjectHideFlags: 0
  m_CorrespondingSourceObject: {fileID: 0}
  m_PrefabInstance: {fileID: 0}
  m_PrefabAsset: {fileID: 0}
  serializedVersion: 6
  m_Component:
  - component: {fileID: 4009421208521590897}
  - component: {fileID: 4009421208521590899}
  - component: {fileID: 4009421208521590896}
  m_Layer: 10
  m_Name: Cadre
  m_TagString: Untagged
  m_Icon: {fileID: 0}
  m_NavMeshLayer: 0
  m_StaticEditorFlags: 1
  m_IsActive: 0
--- !u!4 &4009421208521590897
Transform:
  m_ObjectHideFlags: 0
  m_CorrespondingSourceObject: {fileID: 0}
  m_PrefabInstance: {fileID: 0}
  m_PrefabAsset: {fileID: 0}
  m_GameObject: {fileID: 4009421208521590902}
  m_LocalRotation: {x: 0, y: 0, z: 0, w: 1}
  m_LocalPosition: {x: 0, y: -0.104, z: 0}
  m_LocalScale: {x: 1.7296646, y: 1.7296646, z: 1.7296646}
  m_Children: []
  m_Father: {fileID: 4009421209547728405}
  m_RootOrder: 1
  m_LocalEulerAnglesHint: {x: 0, y: 0, z: 0}
--- !u!33 &4009421208521590899
MeshFilter:
  m_ObjectHideFlags: 0
  m_CorrespondingSourceObject: {fileID: 0}
  m_PrefabInstance: {fileID: 0}
  m_PrefabAsset: {fileID: 0}
  m_GameObject: {fileID: 4009421208521590902}
  m_Mesh: {fileID: 10210, guid: 0000000000000000e000000000000000, type: 0}
--- !u!23 &4009421208521590896
MeshRenderer:
  m_ObjectHideFlags: 0
  m_CorrespondingSourceObject: {fileID: 0}
  m_PrefabInstance: {fileID: 0}
  m_PrefabAsset: {fileID: 0}
  m_GameObject: {fileID: 4009421208521590902}
  m_Enabled: 1
  m_CastShadows: 0
  m_ReceiveShadows: 0
  m_DynamicOccludee: 1
  m_MotionVectors: 1
  m_LightProbeUsage: 1
  m_ReflectionProbeUsage: 1
  m_RayTracingMode: 2
  m_RenderingLayerMask: 1
  m_RendererPriority: 0
  m_Materials:
  - {fileID: 2100000, guid: 75616186d10cbb740ba7eb474eb22df0, type: 2}
  m_StaticBatchInfo:
    firstSubMesh: 0
    subMeshCount: 0
  m_StaticBatchRoot: {fileID: 0}
  m_ProbeAnchor: {fileID: 0}
  m_LightProbeVolumeOverride: {fileID: 0}
  m_ScaleInLightmap: 1
  m_ReceiveGI: 1
  m_PreserveUVs: 0
  m_IgnoreNormalsForChartDetection: 0
  m_ImportantGI: 0
  m_StitchLightmapSeams: 1
  m_SelectedEditorRenderState: 3
  m_MinimumChartSize: 4
  m_AutoUVMaxDistance: 0.5
  m_AutoUVMaxAngle: 89
  m_LightmapParameters: {fileID: 0}
  m_SortingLayerID: 0
  m_SortingLayer: 0
  m_SortingOrder: 0
--- !u!1 &4009421208709979315
GameObject:
  m_ObjectHideFlags: 0
  m_CorrespondingSourceObject: {fileID: 0}
  m_PrefabInstance: {fileID: 0}
  m_PrefabAsset: {fileID: 0}
  serializedVersion: 6
  m_Component:
  - component: {fileID: 4009421208709979314}
  m_Layer: 0
  m_Name: LookAt
  m_TagString: Untagged
  m_Icon: {fileID: 0}
  m_NavMeshLayer: 0
  m_StaticEditorFlags: 0
  m_IsActive: 1
--- !u!4 &4009421208709979314
Transform:
  m_ObjectHideFlags: 0
  m_CorrespondingSourceObject: {fileID: 0}
  m_PrefabInstance: {fileID: 0}
  m_PrefabAsset: {fileID: 0}
  m_GameObject: {fileID: 4009421208709979315}
  m_LocalRotation: {x: 0, y: 0, z: 0, w: 1}
  m_LocalPosition: {x: 0, y: 1.679, z: 0.024}
  m_LocalScale: {x: 1, y: 1, z: 1}
  m_Children: []
  m_Father: {fileID: 4009421209535827936}
  m_RootOrder: 3
  m_LocalEulerAnglesHint: {x: 0, y: 0, z: 0}
--- !u!1 &4009421209414160120
GameObject:
  m_ObjectHideFlags: 0
  m_CorrespondingSourceObject: {fileID: 0}
  m_PrefabInstance: {fileID: 0}
  m_PrefabAsset: {fileID: 0}
  serializedVersion: 6
  m_Component:
  - component: {fileID: 4009421209414160123}
  - component: {fileID: 4009421209414159877}
  - component: {fileID: 4009421209414160122}
  m_Layer: 10
  m_Name: icon
  m_TagString: Untagged
  m_Icon: {fileID: 0}
  m_NavMeshLayer: 0
  m_StaticEditorFlags: 1
  m_IsActive: 1
--- !u!4 &4009421209414160123
Transform:
  m_ObjectHideFlags: 0
  m_CorrespondingSourceObject: {fileID: 0}
  m_PrefabInstance: {fileID: 0}
  m_PrefabAsset: {fileID: 0}
  m_GameObject: {fileID: 4009421209414160120}
  m_LocalRotation: {x: 0, y: 0, z: 0, w: 1}
  m_LocalPosition: {x: 0.027, y: -0.219, z: 0}
  m_LocalScale: {x: 4.0092, y: 4.0092, z: 4.0092}
  m_Children: []
  m_Father: {fileID: 4009421209547728405}
  m_RootOrder: 0
  m_LocalEulerAnglesHint: {x: 0, y: 0, z: 0}
--- !u!33 &4009421209414159877
MeshFilter:
  m_ObjectHideFlags: 0
  m_CorrespondingSourceObject: {fileID: 0}
  m_PrefabInstance: {fileID: 0}
  m_PrefabAsset: {fileID: 0}
  m_GameObject: {fileID: 4009421209414160120}
  m_Mesh: {fileID: 10210, guid: 0000000000000000e000000000000000, type: 0}
--- !u!23 &4009421209414160122
MeshRenderer:
  m_ObjectHideFlags: 0
  m_CorrespondingSourceObject: {fileID: 0}
  m_PrefabInstance: {fileID: 0}
  m_PrefabAsset: {fileID: 0}
  m_GameObject: {fileID: 4009421209414160120}
  m_Enabled: 1
  m_CastShadows: 0
  m_ReceiveShadows: 0
  m_DynamicOccludee: 1
  m_MotionVectors: 1
  m_LightProbeUsage: 1
  m_ReflectionProbeUsage: 1
  m_RayTracingMode: 2
  m_RenderingLayerMask: 1
  m_RendererPriority: 0
  m_Materials:
  - {fileID: 2100000, guid: a6d610b41bc113a42bb7e5268e3af854, type: 2}
  m_StaticBatchInfo:
    firstSubMesh: 0
    subMeshCount: 0
  m_StaticBatchRoot: {fileID: 0}
  m_ProbeAnchor: {fileID: 0}
  m_LightProbeVolumeOverride: {fileID: 0}
  m_ScaleInLightmap: 1
  m_ReceiveGI: 1
  m_PreserveUVs: 0
  m_IgnoreNormalsForChartDetection: 0
  m_ImportantGI: 0
  m_StitchLightmapSeams: 1
  m_SelectedEditorRenderState: 3
  m_MinimumChartSize: 4
  m_AutoUVMaxDistance: 0.5
  m_AutoUVMaxAngle: 89
  m_LightmapParameters: {fileID: 0}
  m_SortingLayerID: 0
  m_SortingLayer: 0
  m_SortingOrder: 0
--- !u!1 &4009421209535827941
GameObject:
  m_ObjectHideFlags: 0
  m_CorrespondingSourceObject: {fileID: 0}
  m_PrefabInstance: {fileID: 0}
  m_PrefabAsset: {fileID: 0}
  serializedVersion: 6
  m_Component:
  - component: {fileID: 4009421209535827936}
  - component: {fileID: 4009421209535827943}
  - component: {fileID: 4009421209535827940}
  - component: {fileID: 4009421209535827939}
  - component: {fileID: 7669372946412032570}
  - component: {fileID: 1497907431}
  m_Layer: 0
  m_Name: PlayerCapsule
  m_TagString: Player
  m_Icon: {fileID: 0}
  m_NavMeshLayer: 0
  m_StaticEditorFlags: 0
  m_IsActive: 1
--- !u!4 &4009421209535827936
Transform:
  m_ObjectHideFlags: 0
  m_CorrespondingSourceObject: {fileID: 0}
  m_PrefabInstance: {fileID: 0}
  m_PrefabAsset: {fileID: 0}
  m_GameObject: {fileID: 4009421209535827941}
  m_LocalRotation: {x: 0, y: 0, z: 0, w: 1}
  m_LocalPosition: {x: 16.922058, y: -63.02, z: -32.14089}
  m_LocalScale: {x: 3.6, y: 3.6, z: 3.6}
  m_Children:
  - {fileID: 4009421208185404131}
  - {fileID: 7101298582592230417}
  - {fileID: 4009421208113698845}
  - {fileID: 4009421208709979314}
  - {fileID: 4009421209547728405}
  - {fileID: 7535222973310722619}
  m_Father: {fileID: 0}
  m_RootOrder: 0
  m_LocalEulerAnglesHint: {x: 0, y: 0, z: 0}
--- !u!136 &4009421209535827943
CapsuleCollider:
  m_ObjectHideFlags: 0
  m_CorrespondingSourceObject: {fileID: 0}
  m_PrefabInstance: {fileID: 0}
  m_PrefabAsset: {fileID: 0}
  m_GameObject: {fileID: 4009421209535827941}
  m_Material: {fileID: 0}
  m_IsTrigger: 0
  m_Enabled: 1
  m_Radius: 0.2342155
  m_Height: 1.7787514
  m_Direction: 1
  m_Center: {x: 0, y: 0.89593697, z: 0.06189227}
--- !u!195 &4009421209535827940
NavMeshAgent:
  m_ObjectHideFlags: 0
  m_CorrespondingSourceObject: {fileID: 0}
  m_PrefabInstance: {fileID: 0}
  m_PrefabAsset: {fileID: 0}
  m_GameObject: {fileID: 4009421209535827941}
  m_Enabled: 1
  m_AgentTypeID: 0
  m_Radius: 0.4
  m_Speed: 3.5
  m_Acceleration: 8
  avoidancePriority: 50
  m_AngularSpeed: 360
  m_StoppingDistance: 0
  m_AutoTraverseOffMeshLink: 1
  m_AutoBraking: 1
  m_AutoRepath: 1
  m_Height: 1.778751
  m_BaseOffset: 0
  m_WalkableMask: 4294967295
  m_ObstacleAvoidanceType: 4
--- !u!114 &4009421209535827939
MonoBehaviour:
  m_ObjectHideFlags: 0
  m_CorrespondingSourceObject: {fileID: 0}
  m_PrefabInstance: {fileID: 0}
  m_PrefabAsset: {fileID: 0}
  m_GameObject: {fileID: 4009421209535827941}
  m_Enabled: 1
  m_EditorHideFlags: 0
  m_Script: {fileID: 11500000, guid: fde2654faf0c55bc8864d5feae4f366a, type: 3}
  m_Name: 
  m_EditorClassIdentifier: 
  questUI: {fileID: 0}
  map_expaded: {fileID: 0}
  mini_Map: {fileID: 0}
  isExpanded: 0
  markerPrefab: {fileID: 7194973136360323201}
  parentVisual: {fileID: 0}
--- !u!114 &7669372946412032570
MonoBehaviour:
  m_ObjectHideFlags: 0
  m_CorrespondingSourceObject: {fileID: 0}
  m_PrefabInstance: {fileID: 0}
  m_PrefabAsset: {fileID: 0}
  m_GameObject: {fileID: 4009421209535827941}
  m_Enabled: 1
  m_EditorHideFlags: 0
  m_Script: {fileID: 11500000, guid: 19fa55c38a18aeb6bbdbcf16e93dcdd0, type: 3}
  m_Name: 
  m_EditorClassIdentifier: 
  playerSpeed: 1
  sprintSpeed: 4
  walkSpeed: 2
  mouseSensitivity: 0
  rotationSpeed: 2
  map_expaded: {fileID: 0}
  mini_Map: {fileID: 0}
  questUI: {fileID: 0}
  anim: {fileID: 0}
--- !u!54 &1497907431
Rigidbody:
  m_ObjectHideFlags: 0
  m_CorrespondingSourceObject: {fileID: 0}
  m_PrefabInstance: {fileID: 0}
  m_PrefabAsset: {fileID: 0}
  m_GameObject: {fileID: 4009421209535827941}
  serializedVersion: 2
  m_Mass: 1
  m_Drag: 0
  m_AngularDrag: 0.05
  m_UseGravity: 1
  m_IsKinematic: 0
  m_Interpolate: 0
  m_Constraints: 0
  m_CollisionDetection: 0
--- !u!1 &4009421209547728394
GameObject:
  m_ObjectHideFlags: 0
  m_CorrespondingSourceObject: {fileID: 0}
  m_PrefabInstance: {fileID: 0}
  m_PrefabAsset: {fileID: 0}
  serializedVersion: 6
  m_Component:
  - component: {fileID: 4009421209547728405}
  m_Layer: 0
  m_Name: MiniMapIcon
  m_TagString: Untagged
  m_Icon: {fileID: 0}
  m_NavMeshLayer: 0
  m_StaticEditorFlags: 0
  m_IsActive: 1
--- !u!4 &4009421209547728405
Transform:
  m_ObjectHideFlags: 0
  m_CorrespondingSourceObject: {fileID: 0}
  m_PrefabInstance: {fileID: 0}
  m_PrefabAsset: {fileID: 0}
  m_GameObject: {fileID: 4009421209547728394}
  m_LocalRotation: {x: 0.7071068, y: 0, z: 0, w: 0.7071068}
  m_LocalPosition: {x: 0, y: 2.955, z: 0.26943}
  m_LocalScale: {x: 1.2537361, y: 1.2537361, z: 1.2537361}
  m_Children:
  - {fileID: 4009421209414160123}
  - {fileID: 4009421208521590897}
  m_Father: {fileID: 4009421209535827936}
  m_RootOrder: 4
  m_LocalEulerAnglesHint: {x: 90, y: 0, z: 0}
--- !u!95 &4009421208949301258
Animator:
  serializedVersion: 3
  m_ObjectHideFlags: 0
  m_CorrespondingSourceObject: {fileID: 0}
  m_PrefabInstance: {fileID: 0}
  m_PrefabAsset: {fileID: 0}
  m_GameObject: {fileID: 6113558116051445250}
  m_Enabled: 1
  m_Avatar: {fileID: 9000000, guid: efb44c4f1a81a794596d54cda852c6c3, type: 3}
  m_Controller: {fileID: 9100000, guid: d4b95536757a4c8489704255870d7835, type: 2}
  m_CullingMode: 0
  m_UpdateMode: 0
  m_ApplyRootMotion: 0
  m_LinearVelocityBlending: 0
  m_WarningMessage: 
  m_HasTransformHierarchy: 1
  m_AllowConstantClipSamplingOptimization: 1
  m_KeepAnimatorControllerStateOnDisable: 0
--- !u!1001 &59231352479360620
PrefabInstance:
  m_ObjectHideFlags: 0
  serializedVersion: 2
  m_Modification:
    m_TransformParent: {fileID: 4009421209535827936}
    m_Modifications:
    - target: {fileID: 7137012901061402349, guid: b65b417705d01b94f99af3b89b1f1de0,
        type: 3}
      propertyPath: m_Name
      value: ClickMarker
      objectReference: {fileID: 0}
    - target: {fileID: 7137012901061402349, guid: b65b417705d01b94f99af3b89b1f1de0,
        type: 3}
      propertyPath: m_IsActive
      value: 0
      objectReference: {fileID: 0}
    - target: {fileID: 7512025924403283031, guid: b65b417705d01b94f99af3b89b1f1de0,
        type: 3}
      propertyPath: m_LocalPosition.x
      value: 0
      objectReference: {fileID: 0}
    - target: {fileID: 7512025924403283031, guid: b65b417705d01b94f99af3b89b1f1de0,
        type: 3}
      propertyPath: m_LocalPosition.y
      value: 0
      objectReference: {fileID: 0}
    - target: {fileID: 7512025924403283031, guid: b65b417705d01b94f99af3b89b1f1de0,
        type: 3}
      propertyPath: m_LocalPosition.z
      value: 0
      objectReference: {fileID: 0}
    - target: {fileID: 7512025924403283031, guid: b65b417705d01b94f99af3b89b1f1de0,
        type: 3}
      propertyPath: m_LocalRotation.x
      value: 0
      objectReference: {fileID: 0}
    - target: {fileID: 7512025924403283031, guid: b65b417705d01b94f99af3b89b1f1de0,
        type: 3}
      propertyPath: m_LocalRotation.y
      value: 0
      objectReference: {fileID: 0}
    - target: {fileID: 7512025924403283031, guid: b65b417705d01b94f99af3b89b1f1de0,
        type: 3}
      propertyPath: m_LocalRotation.z
      value: 0
      objectReference: {fileID: 0}
    - target: {fileID: 7512025924403283031, guid: b65b417705d01b94f99af3b89b1f1de0,
        type: 3}
      propertyPath: m_LocalRotation.w
      value: 1
      objectReference: {fileID: 0}
    - target: {fileID: 7512025924403283031, guid: b65b417705d01b94f99af3b89b1f1de0,
        type: 3}
      propertyPath: m_RootOrder
      value: 5
      objectReference: {fileID: 0}
    - target: {fileID: 7512025924403283031, guid: b65b417705d01b94f99af3b89b1f1de0,
        type: 3}
      propertyPath: m_LocalEulerAnglesHint.x
      value: 0
      objectReference: {fileID: 0}
    - target: {fileID: 7512025924403283031, guid: b65b417705d01b94f99af3b89b1f1de0,
        type: 3}
      propertyPath: m_LocalEulerAnglesHint.y
      value: 0
      objectReference: {fileID: 0}
    - target: {fileID: 7512025924403283031, guid: b65b417705d01b94f99af3b89b1f1de0,
        type: 3}
      propertyPath: m_LocalEulerAnglesHint.z
      value: 0
      objectReference: {fileID: 0}
    - target: {fileID: 7512025924403283031, guid: b65b417705d01b94f99af3b89b1f1de0,
        type: 3}
      propertyPath: m_LocalScale.x
      value: 0.1
      objectReference: {fileID: 0}
    - target: {fileID: 7512025924403283031, guid: b65b417705d01b94f99af3b89b1f1de0,
        type: 3}
      propertyPath: m_LocalScale.y
      value: 0.1
      objectReference: {fileID: 0}
    - target: {fileID: 7512025924403283031, guid: b65b417705d01b94f99af3b89b1f1de0,
        type: 3}
      propertyPath: m_LocalScale.z
      value: 0.1
      objectReference: {fileID: 0}
    m_RemovedComponents: []
  m_SourcePrefab: {fileID: 100100000, guid: b65b417705d01b94f99af3b89b1f1de0, type: 3}
--- !u!1 &7194973136360323201 stripped
GameObject:
  m_CorrespondingSourceObject: {fileID: 7137012901061402349, guid: b65b417705d01b94f99af3b89b1f1de0,
    type: 3}
  m_PrefabInstance: {fileID: 59231352479360620}
  m_PrefabAsset: {fileID: 0}
--- !u!4 &7535222973310722619 stripped
Transform:
  m_CorrespondingSourceObject: {fileID: 7512025924403283031, guid: b65b417705d01b94f99af3b89b1f1de0,
    type: 3}
  m_PrefabInstance: {fileID: 59231352479360620}
  m_PrefabAsset: {fileID: 0}
--- !u!1001 &4009421208114038049
PrefabInstance:
  m_ObjectHideFlags: 0
  serializedVersion: 2
  m_Modification:
    m_TransformParent: {fileID: 4009421209535827936}
    m_Modifications:
    - target: {fileID: 160762, guid: 56480d0c436b84b4ba158d3e374edd01, type: 3}
      propertyPath: m_Name
      value: pf_vfx-ult_demo_psys_loop_aura
      objectReference: {fileID: 0}
    - target: {fileID: 160762, guid: 56480d0c436b84b4ba158d3e374edd01, type: 3}
      propertyPath: m_IsActive
      value: 1
      objectReference: {fileID: 0}
    - target: {fileID: 449852, guid: 56480d0c436b84b4ba158d3e374edd01, type: 3}
      propertyPath: m_LocalPosition.x
      value: 0
      objectReference: {fileID: 0}
    - target: {fileID: 449852, guid: 56480d0c436b84b4ba158d3e374edd01, type: 3}
      propertyPath: m_LocalPosition.y
      value: 0.988
      objectReference: {fileID: 0}
    - target: {fileID: 449852, guid: 56480d0c436b84b4ba158d3e374edd01, type: 3}
      propertyPath: m_LocalPosition.z
      value: 0
      objectReference: {fileID: 0}
    - target: {fileID: 449852, guid: 56480d0c436b84b4ba158d3e374edd01, type: 3}
      propertyPath: m_LocalRotation.x
      value: 0
      objectReference: {fileID: 0}
    - target: {fileID: 449852, guid: 56480d0c436b84b4ba158d3e374edd01, type: 3}
      propertyPath: m_LocalRotation.y
      value: 0
      objectReference: {fileID: 0}
    - target: {fileID: 449852, guid: 56480d0c436b84b4ba158d3e374edd01, type: 3}
      propertyPath: m_LocalRotation.z
      value: 0
      objectReference: {fileID: 0}
    - target: {fileID: 449852, guid: 56480d0c436b84b4ba158d3e374edd01, type: 3}
      propertyPath: m_LocalRotation.w
      value: 1
      objectReference: {fileID: 0}
    - target: {fileID: 449852, guid: 56480d0c436b84b4ba158d3e374edd01, type: 3}
      propertyPath: m_RootOrder
      value: 2
      objectReference: {fileID: 0}
    - target: {fileID: 449852, guid: 56480d0c436b84b4ba158d3e374edd01, type: 3}
      propertyPath: m_LocalEulerAnglesHint.x
      value: 0
      objectReference: {fileID: 0}
    - target: {fileID: 449852, guid: 56480d0c436b84b4ba158d3e374edd01, type: 3}
      propertyPath: m_LocalEulerAnglesHint.y
      value: 0
      objectReference: {fileID: 0}
    - target: {fileID: 449852, guid: 56480d0c436b84b4ba158d3e374edd01, type: 3}
      propertyPath: m_LocalEulerAnglesHint.z
      value: 0
      objectReference: {fileID: 0}
    m_RemovedComponents: []
  m_SourcePrefab: {fileID: 100100000, guid: 56480d0c436b84b4ba158d3e374edd01, type: 3}
--- !u!4 &4009421208113698845 stripped
Transform:
  m_CorrespondingSourceObject: {fileID: 449852, guid: 56480d0c436b84b4ba158d3e374edd01,
    type: 3}
  m_PrefabInstance: {fileID: 4009421208114038049}
  m_PrefabAsset: {fileID: 0}
--- !u!1001 &4009421208949301257
PrefabInstance:
  m_ObjectHideFlags: 0
  serializedVersion: 2
  m_Modification:
    m_TransformParent: {fileID: 4009421209535827936}
    m_Modifications:
    - target: {fileID: 3399934944081742724, guid: c0048178cf2a750bbb3413323852ab7c,
        type: 3}
      propertyPath: m_LocalRotation.x
      value: -0.13539784
      objectReference: {fileID: 0}
    - target: {fileID: 3399934944081742724, guid: c0048178cf2a750bbb3413323852ab7c,
        type: 3}
      propertyPath: m_LocalRotation.y
      value: 0.01367721
      objectReference: {fileID: 0}
    - target: {fileID: 3399934944081742724, guid: c0048178cf2a750bbb3413323852ab7c,
        type: 3}
      propertyPath: m_LocalRotation.z
      value: -0.032529157
      objectReference: {fileID: 0}
    - target: {fileID: 3399934944081742724, guid: c0048178cf2a750bbb3413323852ab7c,
        type: 3}
      propertyPath: m_LocalRotation.w
      value: 0.99016273
      objectReference: {fileID: 0}
    - target: {fileID: 3665877950420412739, guid: c0048178cf2a750bbb3413323852ab7c,
        type: 3}
      propertyPath: m_LocalRotation.x
      value: 0.15111734
      objectReference: {fileID: 0}
    - target: {fileID: 3665877950420412739, guid: c0048178cf2a750bbb3413323852ab7c,
        type: 3}
      propertyPath: m_LocalRotation.z
      value: -0.020239249
      objectReference: {fileID: 0}
    - target: {fileID: 5993411503259440326, guid: c0048178cf2a750bbb3413323852ab7c,
        type: 3}
      propertyPath: m_LocalRotation.x
      value: 0.15101062
      objectReference: {fileID: 0}
    - target: {fileID: 5993411503259440326, guid: c0048178cf2a750bbb3413323852ab7c,
        type: 3}
      propertyPath: m_LocalRotation.z
      value: -0.019079639
      objectReference: {fileID: 0}
    - target: {fileID: 6136350441605313560, guid: c0048178cf2a750bbb3413323852ab7c,
        type: 3}
      propertyPath: m_LocalPosition.x
      value: 0
      objectReference: {fileID: 0}
    - target: {fileID: 6136350441605313560, guid: c0048178cf2a750bbb3413323852ab7c,
        type: 3}
      propertyPath: m_LocalPosition.y
      value: 0
      objectReference: {fileID: 0}
    - target: {fileID: 6136350441605313560, guid: c0048178cf2a750bbb3413323852ab7c,
        type: 3}
      propertyPath: m_LocalPosition.z
      value: 0
      objectReference: {fileID: 0}
    - target: {fileID: 6136350441605313560, guid: c0048178cf2a750bbb3413323852ab7c,
        type: 3}
      propertyPath: m_LocalRotation.x
      value: 0
      objectReference: {fileID: 0}
    - target: {fileID: 6136350441605313560, guid: c0048178cf2a750bbb3413323852ab7c,
        type: 3}
      propertyPath: m_LocalRotation.y
      value: 0
      objectReference: {fileID: 0}
    - target: {fileID: 6136350441605313560, guid: c0048178cf2a750bbb3413323852ab7c,
        type: 3}
      propertyPath: m_LocalRotation.z
      value: 0
      objectReference: {fileID: 0}
    - target: {fileID: 6136350441605313560, guid: c0048178cf2a750bbb3413323852ab7c,
        type: 3}
      propertyPath: m_LocalRotation.w
      value: 1
      objectReference: {fileID: 0}
    - target: {fileID: 6136350441605313560, guid: c0048178cf2a750bbb3413323852ab7c,
        type: 3}
      propertyPath: m_RootOrder
      value: 1
      objectReference: {fileID: 0}
    - target: {fileID: 6136350441605313560, guid: c0048178cf2a750bbb3413323852ab7c,
        type: 3}
      propertyPath: m_LocalEulerAnglesHint.x
      value: 0
      objectReference: {fileID: 0}
    - target: {fileID: 6136350441605313560, guid: c0048178cf2a750bbb3413323852ab7c,
        type: 3}
      propertyPath: m_LocalEulerAnglesHint.y
      value: 0
      objectReference: {fileID: 0}
    - target: {fileID: 6136350441605313560, guid: c0048178cf2a750bbb3413323852ab7c,
        type: 3}
      propertyPath: m_LocalEulerAnglesHint.z
      value: 0
      objectReference: {fileID: 0}
    - target: {fileID: 7166330847810078219, guid: c0048178cf2a750bbb3413323852ab7c,
        type: 3}
      propertyPath: m_Name
      value: Joe
      objectReference: {fileID: 0}
    - target: {fileID: 7394049221601050156, guid: c0048178cf2a750bbb3413323852ab7c,
        type: 3}
      propertyPath: m_LocalRotation.x
      value: 0.12180631
      objectReference: {fileID: 0}
    - target: {fileID: 7394049221601050156, guid: c0048178cf2a750bbb3413323852ab7c,
        type: 3}
      propertyPath: m_LocalRotation.z
      value: 0.027442014
      objectReference: {fileID: 0}
    - target: {fileID: 9219735573313493734, guid: c0048178cf2a750bbb3413323852ab7c,
        type: 3}
      propertyPath: m_LocalRotation.x
      value: 0.11050296
      objectReference: {fileID: 0}
    - target: {fileID: 9219735573313493734, guid: c0048178cf2a750bbb3413323852ab7c,
        type: 3}
      propertyPath: m_LocalRotation.z
      value: -0.004071608
      objectReference: {fileID: 0}
    m_RemovedComponents: []
  m_SourcePrefab: {fileID: 100100000, guid: c0048178cf2a750bbb3413323852ab7c, type: 3}
--- !u!1 &6113558116051445250 stripped
GameObject:
  m_CorrespondingSourceObject: {fileID: 7166330847810078219, guid: c0048178cf2a750bbb3413323852ab7c,
    type: 3}
  m_PrefabInstance: {fileID: 4009421208949301257}
  m_PrefabAsset: {fileID: 0}
--- !u!4 &7101298582592230417 stripped
Transform:
  m_CorrespondingSourceObject: {fileID: 6136350441605313560, guid: c0048178cf2a750bbb3413323852ab7c,
    type: 3}
  m_PrefabInstance: {fileID: 4009421208949301257}
  m_PrefabAsset: {fileID: 0}
